 Dungeon Crawl Stone Soup version 0.29.0-11-gd7f09526c8 (webtiles) character file.

Game seed: 7107251114422343020

2262 RascalDebosk the Trooper (level 9, -2/57 (69) HPs)
             Began as a Demonspawn Berserker on Sept 5, 2022.
             Was a Priest of Trog.
             Slain by a wight
             ... wielding a +3 trident of freezing
              (3 damage)
             ... on level 7 of the Dungeon.
             The game lasted 00:49:12 (6692 turns).

RascalDebosk the Trooper (Demonspawn Berserker)     Turns: 6692, Time: 00:49:14

HP:   -2/57 (69)    AC: 14    Str: 21    XL:     9   Next: 15%
MP:   9/9           EV:  9    Int: 10    God:    Trog [***...]
Gold: 220           SH:  4    Dex: 12    Spells: 8/8 levels left

rFire   + . .      SeeInvis .   q - +0 war axe
rCold   x . .      Faith    .   (no shield)
rNeg    . . .      Spirit   .   r - +1 chain mail
rPois   .          Reflect  .   l - +0 helmet
rElec   .          Harm     .   (no cloak)
rCorr   .          Rampage  .   (gloves unavailable)
Will    +++..                   (no boots)
Stlth   ..........              (no amulet)
HPRegen 1.19/turn               s - ring of willpower
MPRegen 0.11/turn               a - ring of fire

@: strong-willed, on berserk cooldown, regenerating, slowed, heavily drained,
very slow
A: claws 3, slimy green scales 1, condensation shield
a: Renounce Religion, Berserk, Trog's Hand


You were on level 7 of the Dungeon.
You worshipped Trog.
Trog was most pleased with you.
You visited 2 branches of the dungeon, and saw 8 of its levels.

You collected 220 gold pieces.

Inventory:

Hand Weapons
 q - a +0 war axe (weapon)
Missiles
 b - 11 poisoned darts (quivered)
Armour
 l - a +0 helmet (worn)
 r - a +1 chain mail (worn)
Jewellery
 a - a ring of fire (right claw)
 j - an amulet of faith
 s - a ring of willpower (left claw)
Wands
 f - a wand of roots (5)
 t - a wand of charming (10)
Scrolls
 c - 3 scrolls of identify {unknown}
Potions
 d - 2 potions of degeneration {unknown}
 e - a potion of cancellation {unknown}
 g - a potion of might {unknown}
 i - 4 potions of flight {unknown}
 k - a potion of haste {unknown}
 n - a potion of attraction {unknown}


   Skills:
 + Level 5.8 Fighting
 + Level 5.4 Axes
 + Level 4.4 Throwing
 + Level 4.9 Armour
 + Level 5.1 Dodging
 - Level 4.0 Evocations


You had 8 spell levels left.
You didn't know any spells.
Your spell library was empty.

Dungeon Overview and Level Annotations

Branches:
Dungeon (8/15)             Temple (1/1) D:4
   Lair: D:8-11

Altars:
Ashenzari
Cheibriados
Dithmenos
Fedhas
Gozag
Hepliaklqana
Kikubaaqudgha
Makhleb
Nemelex Xobeh
Okawaru
Qazlal
Ru
Sif Muna
Trog
Uskayaw
Vehumet
Xom
Yredelemnul


Innate Abilities, Weirdness & Mutations

You have claws for hands.
You are partially covered in slimy green scales. (AC +2)
A meltable shield of frost defends you. (SH +4)


Message History

* * * LOW HITPOINT WARNING * * *
The wight freezes you.
* * * LOW HITPOINT WARNING * * *
You closely miss the wight. The wight barely misses you.
The wight hits you but does no damage. x3
You closely miss the wight. You claw the wight.
The wight is lightly damaged.
The wight closely misses you. The wight hits you but does no damage.
You block the wight's attack. The wight hits you but does no damage.
You feel better.
The wight hits you with a +0 morningstar.
The wight closely misses you. You block the wight's attack.
The wight hits you from afar with a +3 trident of freezing.
* * * LOW HITPOINT WARNING * * *
You feel drained.
* * * LOW HITPOINT WARNING * * *
The wight freezes you.
* * * LOW HITPOINT WARNING * * *
You hit the wight.
The wight is moderately damaged.
The wight barely misses you. You block the wight's attack.
You slash the wight!
The wight is severely damaged.
The wight hits you with a +0 morningstar.
* * * LOW HITPOINT WARNING * * *
You feel drained. The wight barely misses you. The wight closely misses you.
The wight hits you from afar with a +3 trident of freezing.
* * * LOW HITPOINT WARNING * * *
You feel drained.
* * * LOW HITPOINT WARNING * * *
The wight freezes you.
* * * LOW HITPOINT WARNING * * *
You're still recovering from your berserk rage.
Your skin crawls.
You feel strong-willed. The wight barely misses you.
The wight hits you from afar with a +3 trident of freezing!
* * * LOW HITPOINT WARNING * * *
You feel drained.
You die...

...## ...# ...# ...#
.[.# #. ### .).#####
####.# ....
.............<#####.....
......... #..#..zz.....
..........##....@#
...###.##......#.# ...#
.#####.....#### ...#
..............# ...#
#####..#####.# ..[#
#........#
...#########..##.....
...##.........##.#..#
#.###.#####.........#


You could see 2 wights.

Vanquished Creatures
  Eustachio (D:4)
  Menkaure (D:4)
  A sky beast (D:5)
  2 black bears
  An ogre (D:7)
  A centaur (D:8)
  A kobold brigand (D:7)
  2 necrophages
  A scorpion (D:5)
  7 wights
  4 killer bees (D:8)
  9 orc priests
  A gnoll bouda (D:4)
  A hound (D:7)
  2 iguanas
  Natasha (thrice) (D:2)
  3 orc wizards
  7 gnolls (D:4)
  7 adders
  2 shadow imps
  2 worms
  A dart slug (D:2)
  21 orcs
  4 bats
  6 endoplasms
  2 giant cockroaches
  7 goblins
  6 hobgoblins
  3 jackals (D:1)
  13 kobolds
  5 quokkas
  10 ball pythons
  3 frilled lizards
  A rat (D:3)
141 creatures vanquished.

Vanquished Creatures (others)
  A quokka (D:4)
  A kobold (D:4)
  5 plants
7 creatures vanquished.

Grand Total: 148 creatures vanquished

Notes
Turn   | Place    | Note
-------+----------+-------------------------------------------
     0 | D:1      | RascalDebosk the Demonspawn Berserker began the quest for
                  | the Orb.
     0 | D:1      | Reached XP level 1. HP: 18/18 MP: 1/1
    27 | D:1      | Found a faded altar of an unknown god.
   365 | D:1      | Gained mutation: A meltable shield of frost defends you.
                  | (SH +4) [demonic ancestry]
   365 | D:1      | Reached XP level 2. HP: 22/24 MP: 2/2
  1108 | D:2      | Noticed Natasha
  1114 | D:2      | Killed Natasha
  1115 | D:2      | Reached skill level 1 in Evocations
  1115 | D:2      | Gained mutation: You are partially covered in slimy green
                  | scales. (AC +2) [demonic ancestry]
  1115 | D:2      | Reached XP level 3. HP: 21/29 MP: 3/3
  1121 | D:2      | Noticed Natasha
  1384 | D:2      | Reached skill level 1 in Throwing
  1418 | D:2      | Killed Natasha
  1418 | D:2      | Reached ** piety under Trog
  1419 | D:2      | Reached XP level 4. HP: 35/35 MP: 4/4
  1536 | D:2      | Noticed Natasha
  1544 | D:2      | Killed Natasha
  1671 | D:2      | Reached XP level 5. HP: 38/41 MP: 5/5
  2865 | D:4      | Noticed an angel
  3148 | D:4      | Found a staircase to the Ecumenical Temple.
  3157 | Temple   | Entered the Ecumenical Temple
  3205 | D:4      | Reached XP level 6. HP: 21/48 MP: 6/6
  3496 | D:4      | Found a shimmering altar of Xom.
  3782 | D:4      | Noticed Eustachio
  3790 | D:4      | Killed Eustachio
  3791 | D:4      | Gained mutation: You have sharp fingernails. [demonic
                  | ancestry]
  3791 | D:4      | Reached XP level 7. HP: 54/54 MP: 7/7
  3843 | D:4      | Reached *** piety under Trog
  3891 | D:4      | Noticed Menkaure
  3901 | D:4      | Killed Menkaure
  4682 | D:5      | Entered Level 5 of the Dungeon
  4718 | D:5      | Gained mutation: You have very sharp fingernails. [demonic
                  | ancestry]
  4718 | D:5      | Reached XP level 8. HP: 30/61 MP: 8/8
  5234 | D:5      | You fall into a shaft and drop 3 floors!
  5493 | D:8      | Reached skill level 5 in Fighting
  5506 | D:8      | HP: 3/62 [poisoned by a killer bee]
  5746 | D:8      | Reached skill level 5 in Axes
  6473 | D:7      | Gained mutation: You have claws for hands. [demonic
                  | ancestry]
  6473 | D:7      | Reached XP level 9. HP: 63/68 MP: 9/9
  6571 | D:7      | Reached skill level 5 in Dodging
  6692 | D:7      | HP: 1/59 [wight/+3 trident of freezing (8)]
  6692 | D:7      | Slain by a wight

Illustrated notes

Levels and vault maps discovered:
D:1:      reono_arrival_mine, layout_loops_corners,
          shapermc_ecumenical_altar_mp_urbaneastern,
          minmay_misc_feat_four_crosses, bh_walls_and_bars
D:2:      layout_rooms, serial_bayou_pond_a, uniq_natasha
D:3:      layout_loops_ring, nrook_mini_vaults, chequers_serial_rivers_large_b
D:4:      layout_loops_ring, zin_angel, xom_confusion_cloud,
          minmay_temple_entry_ruins, st_stairs_5, uniq_menkaure, uniq_eustachio
D:5:      layout_basic, chequers_serial_rivers_small_a,
          hangedman_abyss_or_decor_stabs
D:7:      black_bear_nest_2, layout_loops_cross, nicolae_ossuary_entry_monument
D:8:      layout_basic, kennysheep_generic_room_3
Temple:   hellmonk_temple_of_storms

Skill      XL: |  1  2  3  4  5  6  7  8  9 |
---------------+----------------------------+-----
Dodging        | 2 3 4 5 |  5.1
Armour         | 2 3 4 |  4.9
Evocations     | 1 2 3 4 |  4.0
Axes           | 3 4 5 |  5.4
Throwing       | 1 2 3 4 |  4.4
Fighting       | 4 5 |  5.8

Action                   |  1- 3 |  4- 6 |  7- 9 || total
-------------------------+-------+-------+-------++-------
Melee: Hand axe          |    55 |    59 |       ||   114
       War axe           |       |   111 |   240 ||   351
       Punch             |       |     1 |     6 ||     7
Throw: Dart              |       |       |     4 ||     4
       Boomerang         |       |       |     1 ||     1
Invok: Berserk           |     2 |     5 |    11 ||    18
       Trog's Hand       |       |       |     4 ||     4
  Use: Scroll            |       |       |    10 ||    10
       Potion            |       |       |     5 ||     5
 Stab: Sleeping          |       |     1 |       ||     1
Armor: Animal skin       |    11 |       |       ||    11
       Leather armour    |    19 |    13 |       ||    32
       Chain mail        |       |    57 |   144 ||   201
Dodge: Dodged            |    43 |    82 |   137 ||   262
Block: Other             |     5 |    36 |    53 ||    94
